 Dungeon Sprint DCSS version 0.27-a0-637-g3a9f0a9c12 (webtiles) character file.

Game seed: 10103403682852400027

28990 mhtbhm the Executioner (level 13, -8/201 HPs)
             Began as a Minotaur Fighter on Mar 14, 2021.
             Was the Champion of Trog.
             Mangled by an orc knight
             ... wielding a +0 great mace
              (29 damage)
             ... in the Dungeon (Sprint VII: "The Pits").
             The game lasted 00:05:52 (3235 turns).

mhtbhm the Executioner (Minotaur Fighter)           Turns: 3235, Time: 00:05:53

Health: -8/201     AC: 26    Str: 30    XL:     13   Next: 12%
Magic:  12/12      EV: 13    Int:  2    God:    Trog [******]
Gold:   41         SH:  0    Dex: 10    Spells: 12/12 levels left

rFire    + . .     SeeInvis .   p - +8 executioner's axe "Ysell" {vorpal, rF+ Will+}
rCold    . . .     Faith    .   (shield currently unavailable)
rNeg     . . .     Spirit   .   b - +3 plate armour
rPois    .         Reflect  .   A - +1 hat
rElec    +         Harm     .   o - +0 cloak
rCorr    .         Rampage  .   (no gloves)
Will     +++++     NoTele   +   (no boots)
Stlth    ..........             y - amulet "Cimic" {Acrobat rElec Will+++ Str+4 Int-3}
HPRegen  1.43/turn              m - +3 ring of protection
MPRegen  0.13/turn              n - +3 ring of evasion

@: berserking (expiring), regenerating, very quick
A: horns 2, retaliatory headbutt
a: Renounce Religion, Berserk, Trog's Hand, Brothers in Arms


You were in the Dungeon.
You worshipped Trog.
Trog was exalted by your worship.
You visited 1 branch You collected 41 gold pieces.

Inventory:

Hand Weapons
 a - a +3 vorpal broad axe
 p - the +8 executioner's axe "Ysell" (weapon) {vorpal, rF+ Will+}
   (Trog gifted it to you in the Dungeon)

   It inflicts extra damage upon your enemies.
   It protects you from fire.
   It affects your willpower, your defense against some magical effects.
Armour
 b - a +3 plate armour (worn)
 c - a +0 kite shield
 o - a +0 cloak (worn)
 A - a +1 hat (worn)
Jewellery
 m - a +3 ring of protection (right hand)
 n - a +3 ring of evasion (left hand)
 x - a ring of ice
 y - the amulet "Cimic" (around neck) {Acrobat rElec Will+++ Str+4 Int-3}
   (You found it in the Dungeon)

   [amulet of the acrobat]

   It helps you evade while moving and waiting.
   It affects your strength (+4).
   It affects your intelligence (-3).
   It insulates you from electricity.
   It affects your willpower, your defense against some magical effects.
 z - a ring of positive energy
Wands
 q - a wand of paralysis (3)
Scrolls
 j - 4 scrolls of blinking
 l - a scroll of summoning
 r - 2 scrolls of identify
 s - 4 scrolls of enchant armour
 u - 2 scrolls of fear
Potions
 d - 5 potions of might
 e - 8 potions of curing
 f - 10 potions of heal wounds
 g - 2 potions of haste
 h - 4 potions of magic
 i - 6 potions of berserk rage
 k - 2 potions of invisibility
 t - 3 potions of mutation
 v - a potion of flight
Miscellaneous
 w - a condenser vane


   Skills:
 + Level 17.7 Fighting
 + Level 24.6 Axes
 + Level 17.8 Armour
 + Level 6.6 Dodging
 + Level 2.3 Stealth
 + Level 16.1 Shields


You had 12 spell levels left.
You didn't know any spells.
Your spell library was empty.

Dungeon Overview and Level Annotations

Branches:
Dungeon (1/1)

Altars:
Cheibriados
Dithmenos
Elyvilon
Fedhas
Gozag
Hepliaklqana
Makhleb
Nemelex Xobeh
Okawaru
Qazlal
Ru
Sif Muna
Trog
Vehumet
Wu Jian
Xom
Yredelemnul
Zin
The Shining One
Beogh
Jiyva
Lugonu


Innate Abilities, Weirdness & Mutations

You have a pair of horns on your head.
You reflexively headbutt those who attack you in melee.


Message History

You have reached level 13!
You slash the orc warlord!
You kill the orc warlord!
Trog accepts your kill.
You barely miss the orc knight. You slice the orc warlord!!
Your cyclops hits the orc warlord.
Your troll misses the deep elf pyromancer. x2
Your troll barely misses the deep elf pyromancer.
Your troll bites the deep elf pyromancer!!
The deep elf pyromancer dies!
Trog accepts your kill.
Trog appreciates your killing of a magic user.
The orc knight hits you but does no damage.
Your troll barely misses the orc warlord.
Your troll claws the orc warlord.
Your troll claws the orc warlord!
The orc knight completely misses you. You furiously retaliate!
You headbutt the orc knight!
The orc knight hits you with a +0 great mace!
The orc warlord hits you with a +2 great mace of protection!!
* * * LOW HITPOINT WARNING * * *
Your cyclops hits the orc warlord!!!
Your troll bites the orc warlord!
The orc warlord dies!
Trog accepts your kill.
Items here: ( )) [ †.
You slash the orc knight! Your headbutt misses the orc knight.
The orc knight is lightly wounded.
You slice the orc knight!! You slash the orc knight! You hit the orc knight.
The orc knight closely misses you.
The orc knight hits you with a +0 war axe!
* * * LOW HITPOINT WARNING * * *
Unknown command.
Unknown command.
You cut the orc knight into ribbons!!!
The orc knight is severely wounded.
Your plate armour prevents you from hitting the orc knight.
You slice the orc knight!!
You hit the orc knight but do no damage.
The orc knight misses you.
The orc knight hits you with a +0 great mace!!
You die...

.+ #) '# #'
'###############################'
.................................
.................)...............
.##############')##############..
.# #..(.))..# #.. .# #..CTT)..#
#.. )# ####o@#### #.. )#
#...ooo..# #.. )# ...............
#.. (# ..#........#... #.. .# #
####..#### ## #.. .# #### .# ##
### ######


You could see 4 orc knights, a friendly cyclops (summoned, berserk) and 2
friendly trolls.

Vanquished Creatures
  An Ice Fiend (D)
  A quicksilver dragon (D)
  An orc warlord (D)
  2 ogre magi (D)
  A boulder beetle (D)
  An alligator snapping turtle (D)
  A spriggan air mage (D)
  3 two-headed ogres (D)
  A death yak (D)
  4 hell hogs (D)
  Urug (D)
  A deep elf knight (D)
  A shadow wraith (D)
  A spriggan druid (D)
  2 phantasmal warriors (D)
  3 orc knights (D)
  A deep elf pyromancer (D)
  A deep elf zephyrmancer (D)
  2 wizards (D)
  A black mamba (D)
  2 elephants (D)
  A cane toad (D)
  An efreet (D)
  Psyche (D)
  A demonic crawler (D)
  2 kobold demonologists (D)
  A troll (D)
  2 guardian mummies (D)
  A polar bear (D)
  A hornet (D)
  A tyrant leech (D)
  5 blink frogs (D)
  A snapping turtle (D)
  A shadow (D)
  2 ynoxinuls (D)
  A tarantella (D)
  A fire bat (D)
  4 vampire mosquitoes (D)
  A large abomination (D)
  A floating eye (D)
  2 orc warriors (D)
  Purgy (D)
  4 ogres (D)
  A phantom (D)
  2 kobold brigands (D)
  A gnoll sergeant (D)
  A hound (D)
  A quasit (D)
  A jelly (D)
  An orc priest (D)
  A gnoll shaman (D)
  An iron imp (D)
  3 orc wizards (D)
  2 hell rats (D)
  A worker ant (D)
  10 gnolls (D)
  A river rat (D)
  2 oozes (D)
  An adder skeleton (D)
  10 orcs (D)
  A bat skeleton (D)
  A giant cockroach (D)
  2 goblins (D)
  2 kobolds (D)
  3 quokkas (D)
  A bat (D)
  A jackal skeleton (D)
  A quokka skeleton (D)
  3 rats (D)
123 creatures vanquished.

Vanquished Creatures (collateral kills)
  An orc warlord (D)
  2 two-headed ogres (D)
  2 orc knights (D)
  2 deep elf pyromancers (D)
  A cyclops (D)
  2 ogres (D)
  2 kobold brigands (D)
  5 kobolds (D)
17 creatures vanquished.

Grand Total: 140 creatures vanquished

Notes
Turn   | Place    | Note
-------+----------+-------------------------------------------
     0 | D        | mhtbhm the Minotaur Fighter began the quest for the Orb.
     0 | D        | Reached XP level 1. HP: 19/19 MP: 0/0
    18 | D        | Found a bloodstained altar of Trog.
    18 | D        | Found a shimmering blue altar of Sif Muna.
    18 | D        | Found a viscous altar of Jiyva.
    18 | D        | Found a hazy altar of Hepliaklqana.
    18 | D        | Found an opulent altar of Gozag.
    19 | D        | Found a glowing golden altar of the Shining One.
    19 | D        | Found a glowing silver altar of Zin.
    19 | D        | Found a basalt altar of Yredelemnul.
    19 | D        | Found a shimmering altar of Xom.
    19 | D        | Found an ornate altar of the Wu Jian Council.
    19 | D        | Found a sacrificial altar of Ru.
    19 | D        | Found a stormy altar of Qazlal.
    19 | D        | Found an iron altar of Okawaru.
    19 | D        | Found a sparkling altar of Nemelex Xobeh.
    19 | D        | Found a burning altar of Makhleb.
    19 | D        | Found a blossoming altar of Fedhas.
    19 | D        | Found a white marble altar of Elyvilon.
    19 | D        | Found a shadowy altar of Dithmenos.
    19 | D        | Found a snail-covered altar of Cheibriados.
    21 | D        | Found a radiant altar of Vehumet.
    21 | D        | Found a corrupted altar of Lugonu.
    23 | D        | Became a worshipper of Trog the Wrathful
   118 | D        | Reached * piety under Trog
   129 | D        | Noticed a worker ant
   133 | D        | Reached ** piety under Trog
   135 | D        | Killed a worker ant
   136 | D        | Reached skill level 5 in Fighting
   136 | D        | Reached skill level 4 in Axes
   136 | D        | Reached skill level 5 in Armour
   136 | D        | Reached skill level 5 in Shields
   136 | D        | Reached XP level 2. HP: 22/29 MP: 1/1
   136 | D        | Reached XP level 3. HP: 28/36 MP: 2/2
   307 | D        | Reached *** piety under Trog
   307 | D        | Noticed a gnoll sergeant
   311 | D        | Reached skill level 5 in Axes
   311 | D        | Reached XP level 4. HP: 44/44 MP: 3/3
   313 | D        | Reached **** piety under Trog
   316 | D        | Reached skill level 6 in Axes
   325 | D        | Killed a gnoll sergeant
   326 | D        | Reached skill level 7 in Axes
   326 | D        | Reached XP level 5. HP: 11/51 MP: 4/4
   558 | D        | Reached ***** piety under Trog
   559 | D        | Reached skill level 8 in Axes
   579 | D        | Reached skill level 9 in Axes
   579 | D        | Reached skill level 1 in Dodging
   584 | D        | Reached XP level 6. HP: 47/60 MP: 5/5
   595 | D        | Noticed an elephant
   599 | D        | Reached skill level 10 in Axes
   602 | D        | Killed an elephant
   603 | D        | Reached skill level 11 in Axes
   603 | D        | Reached skill level 10 in Shields
   603 | D        | Reached XP level 7. HP: 41/68 MP: 6/6
   603 | D        | Received a gift from Trog
   604 | D        | Reached skill level 12 in Axes
   609 | D        | Reached ****** piety under Trog
   793 | D        | Noticed Psyche
   793 | D        | Noticed an efreet
   800 | D        | Killed Psyche
   801 | D        | Reached skill level 10 in Armour
   807 | D        | Killed an efreet
   808 | D        | Reached XP level 8. HP: 30/75 MP: 7/7
  1056 | D        | Noticed a kobold demonologist
  1056 | D        | Noticed an ogre mage
  1056 | D        | Noticed a two-headed ogre
  1056 | D        | Noticed a cane toad
  1059 | D        | Noticed a two-headed ogre
  1059 | D        | Killed a cane toad
  1060 | D        | Reached skill level 13 in Axes
  1060 | D        | Killed a two-headed ogre
  1061 | D        | Reached skill level 14 in Axes
  1063 | D        | Noticed a two-headed ogre
  1067 | D        | Killed an ogre mage
  1068 | D        | Reached skill level 15 in Axes
  1068 | D        | Reached XP level 9. HP: 84/84 MP: 8/8
  1070 | D        | Killed a kobold demonologist
  1072 | D        | Killed a two-headed ogre
  1073 | D        | Reached skill level 1 in Stealth
  1076 | D        | Reached skill level 10 in Fighting
  1076 | D        | Reached skill level 5 in Dodging
  1077 | D        | Received a gift from Trog
  1079 | D        | Killed a two-headed ogre
  1080 | D        | Reached skill level 16 in Axes
  1245 | D        | Reached XP level 10. HP: 88/94 MP: 9/9
  1261 | D        | Noticed a hell hog
  1263 | D        | Noticed a hell hog
  1263 | D        | Noticed a hell hog
  1264 | D        | Noticed a hell hog
  1272 | D        | Killed a hell hog
  1274 | D        | Killed a hell hog
  1274 | D        | Received a gift from Trog
  1278 | D        | Killed a hell hog
  1279 | D        | Reached skill level 17 in Axes
  1280 | D        | Killed a hell hog
  1281 | D        | Reached skill level 15 in Armour
  1719 | D        | Noticed an Ice Fiend
  1726 | D        | Killed an Ice Fiend
  1727 | D        | Reached skill level 18 in Axes
  1727 | D        | Reached skill level 15 in Shields
  1727 | D        | Reached XP level 11. HP: 105/105 MP: 10/10
  1794 | D        | Noticed a boulder beetle
  1804 | D        | Killed a boulder beetle
  1804 | D        | Received a gift from Trog
  1885 | D        | Noticed Purgy
  1886 | D        | Noticed an orc knight
  1895 | D        | Identified the +8 executioner's axe "Ysell" {vorpal, rF+
                  | Will+} (Trog gifted it to you in the Dungeon)
  1895 | D        | Received a gift from Trog
  1897 | D        | Killed an orc knight
  1899 | D        | Killed Purgy
  1900 | D        | Reached skill level 19 in Axes
  2057 | D        | Noticed a phantasmal warrior
  2063 | D        | Killed a phantasmal warrior
  2063 | D        | Received a gift from Trog
  2078 | D        | Paralysed by a floating eye for 3 turns
  2343 | D        | Received a gift from Trog
  2366 | D        | Noticed a spriggan druid
  2366 | D        | Noticed a deep elf zephyrmancer
  2366 | D        | Noticed a wizard
  2366 | D        | Noticed a phantasmal warrior
  2370 | D        | Killed a deep elf zephyrmancer
  2371 | D        | Reached skill level 20 in Axes
  2373 | D        | Killed a phantasmal warrior
  2375 | D        | Killed a spriggan druid
  2375 | D        | Received a gift from Trog
  2381 | D        | Killed a wizard
  2381 | D        | Received a gift from Trog
  2382 | D        | Reached skill level 15 in Fighting
  2382 | D        | Reached XP level 12. HP: 119/119 MP: 11/11
  2562 | D        | Noticed a death yak
  2562 | D        | Noticed Urug
  2563 | D        | Noticed an alligator snapping turtle
  2567 | D        | Reached skill level 21 in Axes
  2570 | D        | Received a gift from Trog
  2575 | D        | Killed a death yak
  2583 | D        | Killed an alligator snapping turtle
  2587 | D        | Received a gift from Trog
  2588 | D        | Killed Urug
  2866 | D        | Got the amulet "Cimic" {Acrobat rElec Will+++ Str+4 Int-3}
  2986 | D        | Noticed an ogre mage
  2986 | D        | Noticed a two-headed ogre
  2986 | D        | Noticed a two-headed ogre
  2986 | D        | Noticed a spriggan air mage
  2991 | D        | Reached skill level 22 in Axes
  2992 | D        | Killed an ogre mage
  2992 | D        | Received a gift from Trog
  2996 | D        | Killed a spriggan air mage
  2999 | D        | Killed a two-headed ogre
  2999 | D        | Killed a two-headed ogre
  3186 | D        | Noticed a quicksilver dragon
  3189 | D        | Killed a quicksilver dragon
  3189 | D        | Received a gift from Trog
  3190 | D        | Reached skill level 23 in Axes
  3217 | D        | Noticed an orc warlord
  3217 | D        | Noticed an orc warlord
  3227 | D        | Reached skill level 24 in Axes
  3228 | D        | Received a gift from Trog
  3232 | D        | Reached XP level 13. HP: 73/133 MP: 12/12
  3232 | D        | Killed an orc warlord
  3233 | D        | Killed an orc warlord
  3235 | D        | Mangled by an orc knight

Illustrated notes

Levels and vault maps discovered:
D:        pitsprint [storerooms_1, entrance_room_1, metal_vault_4, armoury_2,
          mini_pit_1, grid_room_1, main_hall_1, silver_pit, the_coven_2,
          the_vestibule_1, steel_vault_4, golden_pit, hallway_of_sentries,
          crystal_vault_4, iron_vault_3, final_vault]

Skill      XL: |  1  2  3  4  5  6  7  8  9 10 11 12 |
---------------+-------------------------------------+-----
Fighting       | 5 6 7 8 9 10 12 15 17 | 17.7
Armour         | 5 6 7 9 10 12 14 15 16 17 | 17.8
Shields        | 5 6 7 8 10 12 15 16 | 16.1
Axes           | 4 5 7 9 11 12 15 16 18 20 24 | 24.6
Dodging        | 1 2 3 4 5 6 |  6.6
Stealth        | 1 2 |  2.3

Action                   |  1- 3 |  4- 6 |  7- 9 | 10-12 | 13-15 || total
-------------------------+-------+-------+-------+-------+-------++-------
Melee: Hand axe          |    19 |    51 |     6 |       |       ||    76
       Headbutt          |     2 |     8 |    13 |    28 |       ||    51
       War axe           |       |       |    39 |    17 |       ||    56
       Broad axe         |       |       |       |    28 |       ||    28
       Executioner's axe |       |       |       |    84 |     3 ||    87
Invok: Berserk           |     2 |     1 |     2 |    10 |       ||    15
       Brothers in Arms  |       |       |     1 |     3 |       ||     4
       Trog's Hand       |       |       |       |     1 |       ||     1
  Use: Potion            |       |     1 |       |     1 |       ||     2
Armor: Scale mail        |     7 |       |       |       |       ||     7
       Chain mail        |     1 |    23 |       |       |       ||    24
       Plate armour      |       |       |     7 |    75 |     1 ||    83
Dodge: Dodged            |     5 |    11 |     6 |    97 |     3 ||   122
Block: Kite shield       |    13 |    33 |    20 |    41 |       ||   107

Table legend: (Time is in decaauts)
 A = Elapsed time spent in this place.
 B = Non-inter-level travel time spent in this place.
 C = Inter-level travel time spent in this place.
 D = Time resting spent in this place.
 E = Time spent auto-exploring this place.
 F = Levels seen in this place.
 G = Mean time per level.
                   A        B        C        D        E       F      G
               +--------+--------+--------+--------+--------+-----+--------+
         Total |   3330 |   3330 |      0 |   2032 |    136 |   1 | 3330.0 |
       Dungeon |   3330 |   3330 |      0 |   2032 |    136 |   1 | 3330.0 |
               +--------+--------+--------+--------+--------+-----+--------+

Top non-repeatable levels by time:
       D: 3330 daAuts
